 Dungeon Crawl Stone Soup version 0.19.5 (webtiles) character file.

1901 Chiseanne the Chiller (level 9, -7/97 HPs)
             Began as a Formicid Ice Elementalist on May 18, 2017.
             Hit by a stone thrown by an orc warrior (9 damage)
             ... on level 6 of the Dungeon.
             The game lasted 00:32:24 (6816 turns).

Chiseanne the Chiller (Formicid Ice Elementalist)   Turns: 6816, Time: 00:32:24

Health: -7/97      AC: 31    Str: 13    XL:     9   Next: 38%
Magic:  14/19      EV:  2    Int: 15    God:
Gold:   274        SH:  3    Dex: 14    Spells: 3 memorised, 15 levels left

rFire  . . .     SeeInvis .     w - +4 blowgun
rCold  + . .     Gourm    .     (armour currently unavailable)
rNeg   + + +     Faith    .     (no shield)
rPois  +         Spirit   .     (helmet unavailable)
rElec  .         Reflect  +     (cloak currently unavailable)
rCorr  .         Harm     .     (gloves currently unavailable)
MR     .....                    (boots currently unavailable)
Stlth  ++........               m - +3 amulet of reflection
                                (no ring)
                                e - ring of protection from cold

@: icy armour, tree-form, slow
A: permanent stasis, dig shafts and tunnels, four strong arms, (antennae 0)
a: no special abilities


You were on level 6 of the Dungeon.
You were not hungry.
You were a tree.
You visited 1 branch of the dungeon, and saw 7 of its levels.
You also visited: Sewer.

You collected 274 gold pieces.

Inventory:

Hand Weapons
 a - a +3 short sword of speed
 d - a +1 spear of freezing
 s - a +2 quarterstaff of chaos
 w - a +4 blowgun (weapon)
Missiles
 f - 54 stones
 k - 8 poisoned needles (quivered)
 r - 22 sling bullets
 y - 2 javelins
Armour
 g - a +0 ring mail
 l - a +0 cloak
 n - a +2 robe (melded)
 q - a +3 chain mail
Jewellery
 e - a ring of protection from cold (left branch)
 m - a +3 amulet of reflection (around neck)
Scrolls
 h - 3 scrolls of remove curse
 x - 2 scrolls of magic mapping
Potions
 i - 2 potions of brilliance
 u - a potion of lignification
Books
 b - a book of Frost

   Spells                             Type                      Level
   a - Freeze                         Ice                          1
   b - Throw Frost                    Conjuration/Ice              2
   c - Ozocubu's Armour               Charms/Ice                   3
   d - Throw Icicle                   Conjuration/Ice              4
   e - Summon Ice Beast               Ice/Summoning                4
 v - a book of Necromancy

   Spells                             Type                      Level
   a - Pain                           Necromancy                   1
   b - Animate Skeleton               Necromancy                   1
   c - Vampiric Draining              Necromancy                   3
   d - Regeneration                   Charms/Necromancy            3
   e - Animate Dead                   Necromancy                   4
   f - Control Undead                 Necromancy                   4
Miscellaneous
 p - a crystal ball of energy
Comestibles
 c - 2 bread rations
 j - 3 meat rations
 z - 4 chunks of flesh


   Skills:
 * Level 3.8 Fighting
 * Level 3.9 Dodging
 - Level 2.6 Stealth
 * Level 7.1 Spellcasting
   Level 0.8 Conjurations
 * Level 3.7 Charms
 * Level 7.2 Ice Magic


You had 15 spell levels left.
You knew the following spells:

 Your Spells              Type           Power        Failure   Level  Hunger
a - Freeze                Ice            ####         1%          1    None
b - Ozocubu's Armour      Chrm/Ice       ###.....     4%          3    ##.....
c - Regeneration          Chrm/Necr      ##........   21%         3    ##.....


Dungeon Overview and Level Annotations

Branches:
Dungeon (7/15)
 Temple: D:4-7

Altars:

Annotations:
D:7 Schimscham's ghost, novice MiBe


Innate Abilities, Weirdness & Mutations

You are under a permanent stasis effect.
You can dig through walls and to a lower floor.
Your four strong arms can wield two-handed weapons with a shield.
((You have a pair of large antennae on your head. (SInv)))


Message History

You reflect the stone off an invisible shield around you!
The stone misses the orc warrior.
Wield which item (- for none, * to show all)? (? for menu, Esc to quit)
w - a +4 blowgun (weapon)
The orc warrior throws a stone.
The stone hits you but does no damage.
Firing (i - inventory. (,) - cycle):
k - 10 poisoned needles (quivered)
Press: ? - help, Shift-Dir - straight line, f - orc warrior
Aim: an orc warrior, wielding a long sword, wearing a plate armour and wearing a blackened peridot ring You shoot a poisoned needle.
The poisoned needle barely misses the orc warrior.
The orc warrior throws a stone.
The stone hits you but does no damage.
Some of the chunks of flesh in your inventory have rotted away.
Firing (i - inventory. (,) - cycle):
k - 9 poisoned needles (quivered)
Press: ? - help, Shift-Dir - straight line, f/p - orc warrior
Aim: an orc warrior, wielding a long sword, wearing a plate armour and wearing a blackened peridot ring You shoot a poisoned needle.
The poisoned needle hits the orc warrior.
The orc warrior is poisoned.
The orc warrior throws a stone.
The stone hits you!
You die...

{..........#####. ..........
####.......#............######..
##....#.##ool............#......#
...##.#..o{{.{..####..........##
#..##....##{###.# #..........
...####...#{# #.####.......... ##
......#.###o###..##...........##[
#.#.#...##..(..(o.............#.#
#.#...#.##......♣>....# #.#..#.##
#.##..#...........(.#.# #.##.)##
..##..###.............# #.###..##
.............##.#.##..###........
..>......................#.......
#......####.###..................
#......# #..# #..........#.......
#......###.####..........#.....{)
..####.........#.##.#######.#####


You could see an orc warrior and an orc wizard.

Vanquished Creatures
  Eustachio (D:6)
  An orc warrior (D:6)
  3 ice beasts
  An ogre (D:5)
  2 bullfrogs (D:6)
  A gnoll sergeant (D:4)
  Blork the orc (D:6)
  A scorpion (D:7)
  3 wights (D:6)
  2 howler monkeys
  A centaur zombie (D:6)
  A bullfrog zombie (D:6)
  A jelly (D:6)
  4 orc priests
  Crazy Yiuf (D:6)
  A hound (D:6)
  7 orc wizards
  Natasha (D:3)
  3 worker ants (D:6)
  4 gnolls
  9 adders
  2 shadow imps
  An ooze (D:3)
  An adder skeleton (D:6)
  A dart slug (D:3)
  2 leopard geckos
  22 orcs
  A ball python (D:1)
  11 bats
  7 giant cockroaches
  5 goblins
  6 hobgoblins
  7 jackals
  2 quokkas
  A ball python skeleton (D:5)
  8 frilled lizards
  4 kobolds
  5 rats
135 creatures vanquished.

Notes
Turn   | Place    | Note
-------+----------+-------------------------------------------
     0 | D:1      | Chiseanne the Formicid Ice Elementalist began the quest for the Orb.
     0 | D:1      | Reached XP level 1. HP: 13/13 MP: 3/3
   279 | D:1      | Reached XP level 2. HP: 14/19 MP: 3/5
   764 | D:1      | Reached XP level 3. HP: 24/24 MP: 2/6
   810 | D:1      | Learned a level 3 spell: Ozocubu's Armour
  1253 | D:3      | Reached skill level 1 in Charms
  1375 | D:3      | Reached XP level 4. HP: 31/31 MP: 3/8
  1482 | D:3      | Found a glowing drain.
  1490 | D:3      | Noticed Natasha
  1497 | D:3      | Killed Natasha
  1577 | D:3      | Reached XP level 5. HP: 35/36 MP: 2/10
  1601 | D:3      | Reached skill level 1 in Fighting
  1629 | Sewer    | Entered a sewer
  2039 | D:3      | Noticed a centaur
  2305 | D:4      | Reached XP level 6. HP: 33/44 MP: 6/11
  2454 | D:4      | Noticed a phantom
  3097 | D:4      | Learned a level 3 spell: Regeneration
  3150 | D:5      | Entered Level 5 of the Dungeon
  3189 | D:5      | Noticed an ice beast
  3240 | D:5      | Killed an ice beast
  3240 | D:5      | Reached XP level 7. HP: 13/50 MP: 9/13
  3635 | D:5      | Reached skill level 5 in Ice Magic
  4115 | D:4      | Reached skill level 5 in Spellcasting
  4214 | D:6      | Noticed Blork the orc
  4233 | D:6      | Noticed a wraith
  4260 | D:7      | Reached XP level 8. HP: 17/57 MP: 6/15
  4432 | D:7      | Noticed Schimscham's ghost (novice MiBe)
  5285 | D:6      | Noticed Eustachio
  5730 | D:6      | Found a runed door.
  5736 | D:6      | Noticed Crazy Yiuf
  5744 | D:6      | Killed Crazy Yiuf
  5901 | D:6      | Reached XP level 9. HP: 54/64 MP: 8/18
  6145 | D:6      | Killed Blork the orc
  6678 | D:6      | Killed Eustachio
  6809 | D:6      | HP: 1/65 [orc warrior/stone (12)]
  6816 | D:6      | Hit by a stone thrown by an orc warrior

Skill      XL: |  1  2  3  4  5  6  7  8  9 |
---------------+----------------------------+-----
Dodging        | 2 3 |  3.9
Charms         | 1 2 3 |  3.7
Spellcasting   | 3 4 5 6 7 |  7.1
Fighting       | 1 2 3 |  3.8
Ice Magic      | 4 5 6 7 |  7.2
Stealth        | |  2.6
Conjurations   | |  0.8

Action                   |  1- 3 |  4- 6 |  7- 9 || total
-------------------------+-------+-------+-------++-------
Melee: Club              |    16 |       |       ||    16
       Short sword       |     6 |   117 |   192 ||   315
 Fire: Blowgun           |       |       |     8 ||     8
Throw: Javelin           |       |       |    13 ||    13
 Cast: Freeze            |    49 |    33 |   133 ||   215
       Ozocubu's Armour  |       |     1 |    22 ||    23
 Abil: Dig               |       |     2 |    18 ||    20
Evoke: Wand              |       |     3 |     7 ||    10
  Use: Scroll            |    10 |     4 |     3 ||    17
       Potion            |       |     1 |     3 ||     4
 Stab: Sleeping          |     5 |     2 |       ||     7
       Paralysed         |       |       |     1 ||     1
  Eat: Chunk             |     2 |     6 |    11 ||    19
       Fruit             |       |       |     2 ||     2
       Bread ration      |       |       |     1 ||     1
Armor: Robe              |    23 |    33 |    63 ||   119
       Skin              |       |       |     4 ||     4
Dodge: Dodged            |    45 |    62 |   161 ||   268
Block: Other             |     2 |    14 |    38 ||    54
       Reflection        |       |       |     2 ||     2
